 Dungeon Crawl Stone Soup version 0.19.0-19-g8c6edcc (webtiles) character file.

3823 Leibowitz the Sneak (level 10, -2/121 HPs)
             Began as a Naga Venom Mage on Nov 13, 2016.
             Was a Follower of Vehumet.
             Slain by a black bear (5 damage)
             ... on level 9 of the Dungeon.
             The game lasted 01:08:59 (13202 turns).

Leibowitz the Sneak (Naga Venom Mage)              Turns: 13202, Time: 01:09:00

Health: -2/121     AC: 28    Str: 12    XL:     10   Next: 17%
Magic:  13/16      EV:  1    Int: 18    God:    Vehumet [*.....]
Gold:   452        SH:  3    Dex: 11    Spells: 5 memorised, 5 levels left

rFire  . . .     SeeInvis +     B - +2 dagger (venom)
rCold  . . .     Gourm    .     (armour currently unavailable)
rNeg   + + +     Faith    .     l - +0 buckler {AC+3}
rPois  +         Spirit   .     (helmet currently unavailable)
rElec  .         Reflect  .     (cloak currently unavailable)
rCorr  .         Harm     .     (gloves currently unavailable)
MR     ++...     NoTele   +     (no barding)
Stlth  +++.......               (no amulet)
                                o - ring of protection from magic
                                F - ring of positive energy

@: tree-form, very slightly contaminated
A: see invisible, (deformed body), (poison resistance), (slowness 0), slow
metabolism 1, spit poison 1, AC +3
a: Spit Poison, Renounce Religion


You were on level 9 of the Dungeon.
You worshipped Vehumet.
Vehumet was aware of your devotion.
You were not hungry.
You were a tree.
You visited 2 branches of the dungeon, and saw 11 of its levels.

You collected 452 gold pieces.

Inventory:

Hand Weapons
 a - a +1 short sword
 u - a +0 blowgun
 B - a +2 dagger of venom (weapon)
Missiles
 t - 6 curare-tipped needles
 D - a throwing net (quivered)
Armour
 d - a +0 leather armour (melded)
 g - a +1 cloak (melded)
 k - a +0 pair of gloves (melded)
 l - a +0 buckler of protection (worn)
 n - a +0 helmet (melded)
Jewellery
 o - a ring of protection from magic (right branch)
 p - an uncursed ring of positive energy
 F - a ring of positive energy (left branch)
Wands
 h - a wand of polymorph (13/24)
 w - a wand of flame (19/48)
 z - a wand of lightning (0/15)
 H - a wand of lightning (7/15)
Scrolls
 e - 7 scrolls of remove curse
 j - a scroll of amnesia
 q - 2 scrolls of fear
 r - 8 scrolls of identify
 v - 2 scrolls of recharging
 x - 2 scrolls of fog
 y - 3 scrolls of enchant weapon
 C - a scroll of immolation
 G - 2 scrolls of magic mapping
Potions
 E - a potion of flight
Books
 i - a Young Poisoner's Handbook

   Spells                             Type                      Level
   a - Sting                          Conjuration/Poison           1
   b - Mephitic Cloud                 Conjuration/Poison/Air       3
   c - Olgreb's Toxic Radiance        Poison                       4
   d - Alistair's Intoxication        Transmutation/Poison         5
   e - Venom Bolt                     Conjuration/Poison           5
 m - a book of Maledictions

   Spells                             Type                      Level
   a - Corona                         Hexes                        1
   b - Ensorcelled Hibernation        Hexes/Ice                    2
   c - Confuse                        Hexes                        3
   d - Tukima's Dance                 Hexes                        3
   e - Dazzling Spray                 Conjuration/Hexes            3
Comestibles
 b - 4 meat rations
 c - 3 bread rations
 f - a slice of pizza


   Skills:
 + Level 2.7 Fighting
 + Level 4.1 Short Blades
 + Level 2.8 Armour
 + Level 2.6 Dodging
 + Level 7.1 Stealth
 + Level 0.7 Shields
 + Level 4.3 Spellcasting
 * Level 4.8 Conjurations
 * Level 4.4 Hexes
 * Level 5.0 Ice Magic
 * Level 5.1 Air Magic
 + Level 6.8 Poison Magic
 + Level 1.5 Evocations


You had 5 spell levels left.
You knew the following spells:

 Your Spells              Type           Power        Failure   Level  Hunger
a - Sting                 Conj/Pois      ####         1%          1    None
b - Mephitic Cloud        Conj/Pois/Air  ###.....     8%          3    ###....
c - Ensorcelled Hibernat  Hex/Ice        ###...       6%          2    ##.....
d - Dazzling Spray        Conj/Hex       ###...       12%         3    ###....
e - Confuse               Hex            ###.....     12%         3    ###....


Dungeon Overview and Level Annotations

Branches:
Dungeon (10/15)            Temple (1/1) D:6
   Lair: D:8-11         Orc: D:9-12

Altars:
Ashenzari
Dithmenos
Elyvilon
Hepliaklqana
Makhleb
Nemelex Xobeh
Sif Muna
Trog
Uskayaw
Vehumet
Xom
Yredelemnul
Zin
The Shining One

Shops:
D:6 [}


Innate Abilities, Weirdness & Mutations

You cannot wear boots.
((Your serpentine skin is tough. (AC +3)))
You have supernaturally acute eyesight. (SInv)
((Armour fits poorly on your strangely shaped body.))
((Your system is resistant to poisons. (rPois)))
((You cover ground very slowly.))
You have a slow metabolism.
You can spit poison.


Message History

Your +0 helmet melds into your body.
Your +0 pair of gloves melds into your body.
Your +0 leather armour melds into your body.
Your roots penetrate the ground.
The black bear bites you but does no damage.
The black bear claws you but does no damage.
The black bear claws you.
* * * LOW HITPOINT WARNING * * *
You hit the black bear.
The black bear is almost dead.
You block the black bear's attack.
The black bear claws you but does no damage. x2
You hit the black bear.
The black bear is almost dead.
The black bear bites you but does no damage.
The black bear claws you but does no damage. x2
You closely miss the black bear.
The black bear is almost dead.
The black bear barely misses you. The black bear claws you.
You die...

.....#..>..........#...##
.....#.............#...##
.....#.............#....#
###..###.Y##..##.###...##
###..###..##..##†###....#
..........#......#......#######
..........#......#.....##.....#
..........#.....h#............#
..........#.....♣#............#
#.##..##..##..##.###......##..#
####..##..##..#### ############
..............# ...÷..........#
..............# ####..##..##..#
.###..##..##### .#....#....#


You could see a black bear (berserk).

Vanquished Creatures
  Pikel (D:8)
  Psyche (D:9)
  Joseph (D:8)
  A troll (D:9)
  2 yaks (D:9)
  An orc warrior (D:8)
  2 ice beasts
  A slave (D:8)
  A phantom (D:7)
  2 sky beasts
  2 ogres (D:8)
  3 centaurs
  3 bullfrogs
  A gnoll sergeant (D:8)
  A wyvern zombie (D:7)
  A wyvern skeleton (D:8)
  A water moccasin zombie (D:5)
  2 scorpions
  A howler monkey (D:4)
  2 centaur zombies
  A crimson imp (D:7)
  A bullfrog zombie (D:9)
  2 hounds
  An orc wizard (D:5)
  An orc priest (D:4)
  A jelly (D:5)
  A bullfrog skeleton (D:6)
  3 iguanas
  5 worker ants
  A hound skeleton (D:4)
  A worker ant zombie (D:7)
  5 gnolls
  11 adders
  3 shadow imps
  An ooze (D:1)
  2 adder zombies
  7 worms
  4 dart slugs
  11 leopard geckos
  26 orcs
  A ball python (D:4)
  4 giant cockroaches
  7 goblins
  4 hobgoblins
  2 jackals
  6 quokkas
  9 bats
  5 frilled lizards
  19 kobolds
  A leopard gecko zombie (D:7)
  7 rats
183 creatures vanquished.

Vanquished Creatures (others)
  An ice beast (D:5)
  A slave (D:8)
  A centaur (D:8)
  A bullfrog (D:8)
  A worker ant (D:8)
  2 giant cockroaches (D:8)
7 creatures vanquished.

Grand Total: 190 creatures vanquished

Notes
Turn   | Place    | Note
-------+----------+-------------------------------------------
     0 | D:1      | Leibowitz the Naga Venom Mage began the quest for the Orb.
     0 | D:1      | Reached XP level 1. HP: 15/15 MP: 3/3
   281 | D:1      | Reached XP level 2. HP: 13/22 MP: 5/5
   766 | D:1      | Reached XP level 3. HP: 28/28 MP: 4/6
   818 | D:1      | Learned a level 3 spell: Mephitic Cloud
  1969 | D:2      | Reached XP level 4. HP: 27/36 MP: 3/7
  2332 | D:2      | Learned a level 2 spell: Ensorcelled Hibernation
  2470 | D:2      | Reached skill level 1 in Armour
  2470 | D:2      | Reached skill level 1 in Conjurations
  3098 | D:2      | Found a deep blue altar of Sif Muna.
  3313 | D:3      | Reached XP level 5. HP: 43/43 MP: 2/9
  3352 | D:3      | Reached skill level 1 in Short Blades
  4497 | D:4      | Noticed an ice beast
  4636 | D:4      | Reached skill level 1 in Air Magic
  4826 | D:4      | Noticed a moth of wrath
  4851 | D:4      | Found a bloodstained altar of Trog.
  5691 | D:4      | Found a basalt altar of Yredelemnul.
  5714 | D:4      | Reached skill level 1 in Ice Magic
  5793 | D:4      | Reached XP level 6. HP: 50/50 MP: 6/10
  5947 | D:4      | Killed an ice beast
  5947 | D:4      | Reached skill level 1 in Hexes
  6173 | D:4      | Learned a level 3 spell: Dazzling Spray
  6666 | D:5      | Entered Level 5 of the Dungeon
  6776 | D:5      | Reached skill level 1 in Evocations
  6776 | D:5      | Reached XP level 7. HP: 39/56 MP: 2/11
  6871 | D:5      | Found a hazy altar of Hepliaklqana.
  7238 | D:5      | Reached skill level 1 in Fighting
  8031 | D:6      | Found a staircase to the Ecumenical Temple.
  8040 | Temple   | Entered the Ecumenical Temple
  8051 | Temple   | Became a worshipper of Vehumet
  8065 | D:6      | Reached skill level 4 in Stealth
  8133 | D:6      | Found a bloodstained altar of Trog.
  8158 | D:6      | Reached XP level 8. HP: 24/64 MP: 13/13
  8163 | D:6      | Learned a level 3 spell: Confuse
  8456 | D:6      | Found Jacoj's Gadget Shoppe.
  9052 | D:6      | Found Cahem's Armour Shoppe.
  9691 | D:7      | Found a glowing silver altar of Zin.
  9877 | D:7      | Found a shimmering altar of Xom.
  9877 | D:7      | Found a shattered altar of Ashenzari.
  9878 | D:7      | Found a burning altar of Makhleb.
 10041 | D:7      | Reached * piety under Vehumet
 10041 | D:7      | Offered knowledge of Sandblast by Vehumet.
 10816 | D:8      | Noticed Joseph
 10835 | D:8      | Reached XP level 9. HP: 48/73 MP: 13/15
 11414 | D:8      | Noticed Pikel
 11436 | D:8      | Killed Pikel
 11436 | D:8      | Reached skill level 5 in Stealth
 11891 | D:8      | Killed Joseph
 11891 | D:8      | Reached skill level 6 in Stealth
 12258 | D:9      | Noticed a troll
 12272 | D:9      | Killed a troll
 12898 | D:9      | Noticed Psyche
 12915 | D:9      | Killed Psyche
 12915 | D:9      | Reached XP level 10. HP: 81/81 MP: 13/16
 12983 | D:10     | Entered Level 10 of the Dungeon
 13010 | D:9      | Reached skill level 5 in Ice Magic
 13021 | D:9      | Reached skill level 7 in Stealth
 13021 | D:9      | Reached skill level 5 in Air Magic
 13198 | D:9      | HP: 3/81 [black bear (3)]
 13202 | D:9      | Slain by a black bear

Skill      XL: |  1  2  3  4  5  6  7  8  9 10 |
---------------+-------------------------------+-----
Poison Magic   | 6 |  6.8
Armour         | 1 2 |  2.8
Conjurations   | 1 2 3 4 |  4.8
Short Blades   | 1 2 3 4 |  4.1
Spellcasting   | 3 4 |  4.3
Air Magic      | 1 2 3 4 5 |  5.1
Ice Magic      | 1 2 3 4 5 |  5.0
Hexes          | 1 2 3 4 |  4.4
Evocations     | 1 |  1.5
Fighting       | 1 2 |  2.7
Stealth        | 4 6 7 |  7.1
Dodging        | 2 |  2.6
Shields        | |  0.7

Action                   |  1- 3 |  4- 6 |  7- 9 | 10-12 || total
-------------------------+-------+-------+-------+-------++-------
Melee: Dagger            |    87 |   171 |    29 |    37 ||   324
       Unarmed           |     3 |       |       |       ||     3
       Short sword       |       |    99 |   504 |       ||   603
 Fire: Blowgun           |       |       |     2 |       ||     2
 Cast: Sting             |    35 |    60 |    77 |       ||   172
       Mephitic Cloud    |     3 |     9 |    14 |     3 ||    29
       Ensorcelled Hiber |       |    16 |    19 |       ||    35
       Dazzling Spray    |       |     3 |     4 |       ||     7
       Confuse           |       |       |     5 |       ||     5
Evoke: Wand              |       |     8 |    16 |       ||    24
  Use: Scroll            |       |     1 |    12 |       ||    13
       Potion            |       |       |    11 |     1 ||    12
 Stab: Sleeping          |     3 |    14 |    19 |       ||    36
       Confused          |     2 |     4 |    16 |     1 ||    23
       Invisible         |       |       |     2 |       ||     2
       Distracted        |       |       |     1 |       ||     1
  Eat: Chunk             |     3 |    10 |    14 |     2 ||    29
       Bread ration      |       |     1 |     1 |       ||     2
       Fruit             |       |       |     2 |       ||     2
Armor: Leather armour    |    23 |    82 |   194 |    36 ||   335
       Skin              |       |       |    33 |     7 ||    40
Dodge: Dodged            |    45 |   108 |   191 |    27 ||   371
Block: Buckler           |       |       |    34 |    13 ||    47
